AoeStats
← Tian

Arena

509682271Analyzed
2v2 RM · 3d ago on Sep 27, 2026· 51m 21s· 4 players
Game mode
Random Map
Map size
Medium (4 player)
Population
200
Speed
Normal
Resources
Standard
Victory
Conquest
Starting age
Dark Age
Ending age
Imperial Age
RankedLock teamsTeams togetherTeam positionsShared explorationLock speedFull tech treeHidden civsTurbo modeCheats
Victory
Defeat
🇸🇪 Malay · Sweden
865
+13
🇸🇪 Japanese · Sweden
856
+13
🇹🇷 Cumans · Türkiye
804
-13
🇬🇧 Romans · United Kingdom
793
-28
Edward
12:20 Feudal Age
13:36 Wheelbarrow
12:43 Horse Collar
12:51 Double-Bit Axe
14:22 Man-at-Arms
17:46 Forging
23:24 Castle Age
22:38 Gold Mining
22:39 Stone Mining
22:51 Scale Mail Armor
24:25 Hand Cart
24:12 Heavy Plow
25:03 Long Swordsman
26:20 Iron Casting
25:36 Town Watch
28:00 Squires
32:35 Crossbowman
33:09 Fletching
33:34 Chain Mail Armor
33:46 Ballistics
37:03 Gold Shaft Mining
37:30 Murder Holes
mag8044
0:29 Loom
12:20 Feudal Age
13:49 Double-Bit Axe
13:56 Gold Mining
17:54 Padded Archer Armor
18:33 Horse Collar
20:04 Fletching
28:28 Castle Age
28:34 Crossbowman
29:22 Thumb Ring
29:51 Heavy Plow
30:05 Bow Saw
30:34 Gold Shaft Mining
30:27 Bodkin Arrow
31:43 Leather Archer Armor
32:12 Elite Skirmisher
35:39 Ballistics
39:16 Capped Ram
47:22 Scale Barding Armor
47:28 Forging
48:46 Bloodlines
Tian
10:15 Feudal Age
9:20 Loom
10:45 Double-Bit Axe
15:21 Castle Age
13:28 Horse Collar
16:29 Bow Saw
19:29 Town Watch
20:23 Scale Barding Armor
26:37 Forging
29:28 Heavy Plow
32:04 Husbandry
33:10 Wheelbarrow
34:48 Iron Casting
39:32 Imperial Age
38:11 Hand Cart
38:23 Squires
38:09 Arson
38:35 Gold Mining
38:35 Stone Mining
39:21 Fletching
39:32 Padded Archer Armor
40:34 Blast Furnace
40:07 Bodkin Arrow
41:00 Conscription
41:28 Gold Shaft Mining
41:28 Stone Shaft Mining
40:32 Onager
43:51 Crop Rotation
46:09 Elite Battle Elephant
46:51 Bracer
47:59 Ballistics
48:39 Chemistry
47:47 Siege Engineers
48:43 Capped Ram
Brorbert
4:33 Loom
12:15 Feudal Age
13:50 Wheelbarrow
13:01 Town Watch
13:11 Double-Bit Axe
13:20 Arson
21:01 Scale Mail Armor
21:12 Man-at-Arms
25:01 Castle Age
26:12 Padded Archer Armor
27:16 Fletching
30:14 Forging
35:16 Castle Age
34:02 Stone Mining
34:03 Gold Mining
36:35 Squires
36:06 Elite Skirmisher
41:14 Fortified Wall
41:29 Ballistics
43:08 Hand Cart
43:48 Leather Archer Armor
43:52 Chain Mail Armor
46:12 Thumb Ring
49:12 Imperial Age
46:48 Town Patrol
49:29 Imperial Age
46:59 Town Patrol
47:40 Masonry
48:55 Bodkin Arrow
49:36 Iron Casting
49:07 Guard Tower
49:37 Horse Collar
51:35 Gold Shaft Mining
51:35 Plate Mail Armor
52:06 Blast Furnace
51:37 Ring Archer Armor
51:08 Bracer
Connection lost

Rejoining the realm…

Still unreachable

The connection could not be restored.

Session expired

The server has moved on; the page needs a fresh start.